2032 views
Uploaded 2023-04-09 12:52:59
Game version 1.35 (6115)
8:54 long 4on4 ladder game on (8)Feralas_S2
Saved by DKnight
2032 views
Uploaded 2023-04-09 12:52:59
Game version 1.35 (6115)
8:54 long 4on4 ladder game on (8)Feralas_S2


80 units @ 8.9k
/ 0.3k
53 buildings @ 6.9k
/ 2.5k

| Healing Salve | 2 | 200 |
| total: | 2 | 200g |
| Peon | 9 | 675 | / | 0 |
| Wind Rider | 5 | 1325 | / | 200 |
| total: | 14 | 2000g | / | 200w |
| Watch Tower | 2 | 220 | / | 160 |
| Altar of Storms | 1 | 180 | / | 50 |
| Orc Burrow | 4 | 640 | / | 160 |
| Voodoo Lounge | 1 | 130 | / | 30 |
| War Mill | 1 | 205 | / | 0 |
| Great Hall | 1 | 385 | / | 185 |
| Beastiary | 2 | 290 | / | 280 |
| Stronghold | 1 | 315 | / | 190 |
| Fortress | 1 | 325 | / | 190 |
| total: | 12 | 2050g | / | 865w |
| 0:05 | Peon |
| 0:05 | Peon |
| 0:12 | Altar of Storms |
| 0:25 | Orc Burrow |
| 0:54 | Peon |
| 0:55 | Peon |
| 0:55 | Peon |
| 1:16 | Voodoo Lounge |
| 1:21 | War Mill |
| 1:40 | Peon |
| 1:41 | Peon |
| 1:48 | Peon |
| 1:48 | Peon |
| 2:18 | Critical Strike |
| 3:00 | Healing Salve |
| 3:07 | Stronghold |
| 3:09 | Watch Tower |
| 3:11 | Watch Tower |
| 3:15 | Spiked Barricades |
| 3:28 | Orc Burrow |
| 4:20 | Steel Armor |
| 4:28 | Orc Burrow |
| 4:48 | Steel Ranged Weapons |
| 4:53 | Wind Walk |
| 4:58 | Orc Burrow |
| 5:29 | Beastiary |
| 6:31 | Fortress |
| 6:34 | Beastiary |
| 7:00 | Wind Rider |
| 7:00 | Wind Rider |
| 7:01 | Thorium Armor |
| 7:35 | Wind Rider |
| 7:35 | Wind Rider |
| 7:42 | Great Hall |
| 8:00 | Healing Salve |
| 8:15 | Wind Rider |
| Right click | 330 |
| Select | 103 |
| Select group | 52 |
| Build/train/purchase | 26 |
| Misc. action | 7 |
| Use ability | 6 |
| Minimap ping | 6 |
| Assign group | 3 |

| Peasant | 18 | 1350 | / | 0 |
| Footman | 17 | 2295 | / | 0 |
| total: | 35 | 3645g | / | 0w |
| Scout Tower | 2 | 60 | / | 40 |
| Arcane Tower | 2 | 140 | / | 100 |
| Altar of Kings | 1 | 180 | / | 50 |
| Barracks | 1 | 160 | / | 60 |
| Farm | 5 | 400 | / | 100 |
| Town Hall | 1 | 385 | / | 205 |
| Lumber Mill | 1 | 120 | / | 0 |
| Arcane Vault | 1 | 130 | / | 30 |
| Arcane Sanctum | 1 | 150 | / | 140 |
| Keep | 1 | 320 | / | 210 |
| total: | 13 | 1585g | / | 625w |
| 0:02 | Peasant |
| 0:02 | Peasant |
| 0:09 | Altar of Kings |
| 0:19 | Barracks |
| 0:22 | Peasant |
| 0:22 | Peasant |
| 0:33 | Farm |
| 0:47 | Peasant |
| 0:59 | Farm |
| 1:19 | Footman |
| 1:23 | Peasant |
| 1:32 | Farm |
| 1:37 | Peasant |
| 1:45 | Footman |
| 1:45 | Footman |
| 1:45 | Footman |
| 1:45 | Footman |
| 1:54 | Peasant |
| 2:06 | Footman |
| 2:08 | Summon Water Elemental |
| 2:25 | Peasant |
| 2:57 | Brilliance Aura |
| 3:01 | Town Hall |
| 3:03 | Scout Tower |
| 3:09 | Footman |
| 3:16 | Peasant |
| 3:30 | Footman |
| 3:39 | Arcane Tower |
| 4:06 | Defend |
| 4:09 | Peasant |
| 4:18 | Summon Water Elemental |
| 4:21 | Lumber Mill |
| 4:22 | Peasant |
| 4:48 | Footman |
| 5:01 | Footman |
| 5:04 | Peasant |
| 5:04 | Peasant |
| 5:04 | Peasant |
| 5:15 | Keep |
| 5:17 | Farm |
| 5:25 | Footman |
| 5:36 | Scout Tower |
| 5:43 | Footman |
| 5:52 | Footman |
| 6:00 | Footman |
| 6:07 | Peasant |
| 6:20 | Arcane Tower |
| 6:36 | Peasant |
| 7:01 | Farm |
| 7:07 | Improved Lumber Harvesting |
| 7:19 | Peasant |
| 7:26 | Arcane Vault |
| 7:46 | Footman |
| 7:56 | Footman |
| 8:06 | Arcane Sanctum |
| 8:07 | Footman |
| Select group | 462 |
| Right click | 442 |
| Select | 245 |
| Build/train/purchase | 80 |
| Misc. action | 72 |
| Assign group | 57 |
| Use ability | 10 |

| Scroll of Town Portal | 1 | 350 |
| Healing Salve | 1 | 100 |
| Scroll of Speed | 1 | 50 |
| total: | 3 | 500g |
| Peasant | 10 | 750 | / | 0 |
| Footman | 5 | 675 | / | 0 |
| total: | 15 | 1425g | / | 0w |
| Lumber Mill | 1 | 120 | / | 0 |
| Farm | 6 | 480 | / | 120 |
| Altar of Kings | 1 | 180 | / | 50 |
| Barracks | 2 | 320 | / | 120 |
| Blacksmith | 1 | 140 | / | 60 |
| Arcane Vault | 1 | 130 | / | 30 |
| Keep | 1 | 320 | / | 210 |
| Castle | 1 | 360 | / | 210 |
| total: | 12 | 1370g | / | 380w |
| 0:03 | Peasant |
| 0:03 | Peasant |
| 0:03 | Peasant |
| 0:19 | Lumber Mill |
| 0:22 | Farm |
| 0:38 | Peasant |
| 0:56 | Improved Lumber Harvesting |
| 1:02 | Altar of Kings |
| 1:05 | Farm |
| 1:10 | Peasant |
| 1:19 | Peasant |
| 1:28 | Peasant |
| 1:32 | Peasant |
| 1:49 | Barracks |
| 2:24 | Keep |
| 2:52 | Farm |
| 2:54 | Footman |
| 3:00 | Blacksmith |
| 3:14 | Footman |
| 3:34 | Footman |
| 3:39 | Defend |
| 3:47 | Farm |
| 3:55 | Holy Light |
| 4:20 | Iron Forged Swords |
| 5:42 | Peasant |
| 5:42 | Peasant |
| 6:15 | Castle |
| 6:42 | Scroll of Town Portal |
| 6:43 | Healing Salve |
| 6:44 | Scroll of Speed |
| 6:58 | Arcane Vault |
| 7:10 | Footman |
| 7:10 | Footman |
| 7:14 | Farm |
| 7:54 | Farm |
| 7:57 | Barracks |
| 8:00 | Divine Shield |
| Select | 89 |
| Right click | 76 |
| Select group | 52 |
| Build/train/purchase | 34 |
| Use ability | 9 |
| Misc. action | 8 |
| Assign group | 7 |
| Item give/drop | 1 |

| Scroll of Regeneration | 2 | 200 |
| Lesser Clarity Potion | 1 | 70 |
| Potion of Mana | 1 | 200 |
| Potion of Healing | 1 | 150 |
| total: | 5 | 620g |
| Peasant | 9 | 675 | / | 0 |
| Footman | 5 | 675 | / | 0 |
| Rifleman | 1 | 205 | / | 30 |
| Forest Troll Berserker | 1 | 245 | / | 30 |
| total: | 16 | 1800g | / | 60w |
| Scout Tower | 2 | 60 | / | 40 |
| Guard Tower | 1 | 70 | / | 50 |
| Barracks | 2 | 320 | / | 120 |
| Farm | 7 | 560 | / | 140 |
| Altar of Kings | 1 | 180 | / | 50 |
| Lumber Mill | 1 | 120 | / | 0 |
| Blacksmith | 1 | 140 | / | 60 |
| Arcane Vault | 1 | 130 | / | 30 |
| Town Hall | 1 | 385 | / | 205 |
| Keep | 3 | 960 | / | 630 |
| total: | 16 | 1895g | / | 645w |
| 0:06 | Peasant |
| 0:06 | Peasant |
| 0:06 | Peasant |
| 0:48 | Peasant |
| 0:49 | Peasant |
| 0:56 | Barracks |
| 1:14 | Farm |
| 1:18 | Peasant |
| 1:25 | Altar of Kings |
| 1:32 | Peasant |
| 1:41 | Barracks |
| 1:53 | Farm |
| 2:01 | Footman |
| 2:05 | Lumber Mill |
| 2:12 | Defend |
| 2:19 | Peasant |
| 2:19 | Peasant |
| 2:51 | Black Arrow |
| 2:54 | Footman |
| 3:00 | Blacksmith |
| 3:02 | Farm |
| 3:22 | Farm |
| 3:42 | Forest Troll Berserker |
| 3:51 | Farm |
| 3:52 | Keep |
| 3:53 | Keep |
| 4:12 | Arcane Vault |
| 4:18 | Silence |
| 5:19 | Footman |
| 5:22 | Farm |
| 5:29 | Farm |
| 5:32 | Iron Forged Swords |
| 5:43 | Footman |
| 5:46 | Scroll of Regeneration |
| 5:49 | Lesser Clarity Potion |
| 6:00 | Footman |
| 6:09 | Rifleman |
| 6:19 | Scout Tower |
| 6:21 | Scout Tower |
| 6:54 | Guard Tower |
| 7:03 | Scroll of Regeneration |
| 7:12 | Potion of Mana |
| 7:13 | Potion of Healing |
| 7:53 | Town Hall |
| 8:00 | Silence |
| Right click | 139 |
| Select | 129 |
| Select group | 69 |
| Build/train/purchase | 50 |
| Assign group | 21 |
| Misc. action | 13 |
| Use ability | 8 |
| Item give/drop | 1 |
| Remove unit | 1 |
79 units @ 8.5k
/ 0.5k
48 buildings @ 7.9k
/ 3k


| Scroll of Regeneration | 1 | 100 |
| Lesser Clarity Potion | 1 | 70 |
| Scroll of Town Portal | 1 | 350 |
| Boots of Speed | 1 | 250 |
| total: | 4 | 770g |
| Peasant | 13 | 975 | / | 0 |
| Footman | 7 | 945 | / | 0 |
| total: | 20 | 1920g | / | 0w |
| Scout Tower | 2 | 60 | / | 40 |
| Arcane Tower | 1 | 70 | / | 50 |
| Guard Tower | 2 | 140 | / | 100 |
| Altar of Kings | 1 | 180 | / | 50 |
| Barracks | 2 | 320 | / | 120 |
| Farm | 5 | 400 | / | 100 |
| Town Hall | 1 | 385 | / | 205 |
| Arcane Vault | 1 | 130 | / | 30 |
| Lumber Mill | 1 | 120 | / | 0 |
| Blacksmith | 1 | 140 | / | 60 |
| Keep | 1 | 320 | / | 210 |
| total: | 14 | 1735g | / | 605w |
| 0:02 | Peasant |
| 0:02 | Peasant |
| 0:06 | Altar of Kings |
| 0:19 | Barracks |
| 0:20 | Peasant |
| 0:33 | Farm |
| 0:36 | Peasant |
| 0:45 | Peasant |
| 1:04 | Farm |
| 1:06 | Peasant |
| 1:18 | Peasant |
| 1:21 | Footman |
| 1:39 | Farm |
| 1:42 | Footman |
| 1:55 | Peasant |
| 2:06 | Peasant |
| 2:09 | Summon Water Elemental |
| 2:20 | Footman |
| 2:32 | Footman |
| 3:11 | Brilliance Aura |
| 3:12 | Footman |
| 3:27 | Town Hall |
| 3:30 | Scout Tower |
| 3:59 | Arcane Tower |
| 4:19 | Defend |
| 4:23 | Arcane Vault |
| 4:27 | Summon Water Elemental |
| 4:41 | Peasant |
| 4:44 | Lumber Mill |
| 4:46 | Peasant |
| 4:50 | Peasant |
| 4:50 | Peasant |
| 4:54 | Scout Tower |
| 5:01 | Footman |
| 6:02 | Guard Tower |
| 6:04 | Scroll of Regeneration |
| 6:04 | Lesser Clarity Potion |
| 6:06 | Footman |
| 6:08 | Keep |
| 6:10 | Improved Lumber Harvesting |
| 6:16 | Blacksmith |
| 7:09 | Farm |
| 7:10 | Farm |
| 7:33 | Scroll of Town Portal |
| 7:34 | Boots of Speed |
| 7:54 | Brilliance Aura |
| 8:01 | Iron Plating |
| 8:03 | Black Gunpowder |
| 8:04 | Barracks |
| 8:07 | Improved Masonry |
| 8:38 | Breath of Fire |
| Right click | 613 |
| Select | 372 |
| Misc. action | 232 |
| Select group | 216 |
| Build/train/purchase | 58 |
| Assign group | 21 |
| Use ability | 3 |

x1)
| Boots of Speed | 1 | 250 |
| Tome of Retraining | 1 | 300 |
| total: | 2 | 550g |
| Wisp | 16 | 960 | / | 0 |
| Archer | 7 | 910 | / | 70 |
| total: | 23 | 1870g | / | 70w |
| Altar of Elders | 1 | 180 | / | 50 |
| Moon Well | 5 | 900 | / | 200 |
| Ancient of War | 1 | 150 | / | 60 |
| Tree of Life | 2 | 680 | / | 370 |
| Hunter's Hall | 1 | 210 | / | 100 |
| Ancient of Wind | 1 | 150 | / | 140 |
| Tree of Ages | 1 | 320 | / | 180 |
| Tree of Eternity | 1 | 330 | / | 200 |
| total: | 11 | 2270g | / | 920w |
| 0:01 | Wisp |
| 0:03 | Wisp |
| 0:13 | Altar of Elders |
| 0:17 | Moon Well |
| 0:18 | Moon Well |
| 0:19 | Wisp |
| 0:24 | Wisp |
| 0:36 | Ancient of War |
| 0:44 | Wisp |
| 0:48 | Wisp |
| 1:04 | Wisp |
| 1:29 | Moon Well |
| 1:31 | Wisp |
| 1:36 | Archer |
| 1:46 | Wisp |
| 1:56 | Moon Well |
| 2:21 | Wisp |
| 2:22 | Wisp |
| 2:38 | Moon Well |
| 2:46 | Immolation |
| 2:49 | Evasion |
| 2:52 | Archer |
| 3:16 | Archer |
| 3:27 | Tree of Life |
| 3:39 | Archer |
| 4:08 | Immolation |
| 4:15 | Tree of Ages |
| 4:17 | Hunter's Hall |
| 5:01 | Mana Burn |
| 5:19 | Tree of Life |
| 5:22 | Archer |
| 5:53 | Strength of the Moon |
| 5:56 | Archer |
| 6:19 | Boots of Speed |
| 6:28 | Archer |
| 7:03 | Improved Bows |
| 7:03 | Tree of Eternity |
| 7:26 | Wisp |
| 7:26 | Wisp |
| 7:26 | Wisp |
| 7:27 | Wisp |
| 7:27 | Wisp |
| 7:31 | Strength of the Wild |
| 7:32 | Ancient of Wind |
| 7:38 | Tome of Retraining |
| 7:38 | Retrain Hero |
| 7:41 | Mana Burn |
| 7:41 | Mana Burn |
| 7:42 | Evasion |
| 7:42 | Evasion |
| 8:31 | Mana Burn |
| Select group | 246 |
| Right click | 230 |
| Misc. action | 160 |
| Select | 152 |
| Build/train/purchase | 56 |
| Assign group | 24 |
| Use ability | 9 |
| Item give/drop | 3 |
| Esc | 1 |


| Healing Salve | 4 | 400 |
| total: | 4 | 400g |
| Peon | 18 | 1350 | / | 0 |
| Grunt | 3 | 600 | / | 0 |
| Wind Rider | 2 | 530 | / | 80 |
| total: | 23 | 2480g | / | 80w |
| Altar of Storms | 1 | 180 | / | 50 |
| Orc Burrow | 6 | 960 | / | 240 |
| Barracks | 1 | 180 | / | 50 |
| Voodoo Lounge | 1 | 130 | / | 30 |
| War Mill | 1 | 205 | / | 0 |
| Great Hall | 1 | 385 | / | 185 |
| Beastiary | 3 | 435 | / | 420 |
| Stronghold | 1 | 315 | / | 190 |
| Fortress | 1 | 325 | / | 190 |
| total: | 14 | 2475g | / | 975w |
| 0:01 | Peon |
| 0:01 | Peon |
| 0:02 | Peon |
| 0:04 | Altar of Storms |
| 0:06 | Peon |
| 0:06 | Peon |
| 0:19 | Orc Burrow |
| 0:22 | Peon |
| 0:33 | Barracks |
| 0:41 | Peon |
| 0:57 | Peon |
| 0:58 | Peon |
| 1:01 | Peon |
| 1:06 | Peon |
| 1:30 | Orc Burrow |
| 1:35 | Grunt |
| 1:48 | Voodoo Lounge |
| 1:56 | Peon |
| 2:08 | Critical Strike |
| 2:22 | Grunt |
| 2:46 | Stronghold |
| 3:14 | Healing Salve |
| 3:14 | Healing Salve |
| 3:20 | Grunt |
| 3:26 | Wind Walk |
| 4:15 | War Mill |
| 5:00 | Great Hall |
| 5:13 | Beastiary |
| 5:24 | Beastiary |
| 6:01 | Wind Walk |
| 6:13 | Hex |
| 6:18 | Healing Salve |
| 6:30 | Orc Burrow |
| 7:00 | Orc Burrow |
| 7:01 | Healing Salve |
| 7:21 | Orc Burrow |
| 7:25 | Peon |
| 7:28 | Peon |
| 7:45 | Peon |
| 7:47 | Peon |
| 7:47 | Peon |
| 8:08 | Wind Rider |
| 8:24 | Wind Rider |
| 8:26 | Beastiary |
| 8:29 | Peon |
| 8:37 | Fortress |
| 8:47 | Orc Burrow |
| Right click | 470 |
| Select group | 349 |
| Select | 164 |
| Assign group | 83 |
| Misc. action | 80 |
| Build/train/purchase | 65 |
| Use ability | 21 |
| Esc | 5 |
| Item give/drop | 1 |


| Rod of Necromancy | 2 | 300 |
| Lesser Clarity Potion | 1 | 70 |
| total: | 3 | 370g |
| Acolyte | 2 | 150 | / | 0 |
| Ghoul | 3 | 360 | / | 0 |
| Crypt Fiend | 6 | 1290 | / | 240 |
| Obsidian Statue | 2 | 400 | / | 70 |
| total: | 13 | 2200g | / | 310w |
| Crypt | 1 | 200 | / | 50 |
| Graveyard | 1 | 215 | / | 0 |
| Altar of Darkness | 1 | 180 | / | 50 |
| Ziggurat | 4 | 600 | / | 200 |
| Tomb of Relics | 1 | 130 | / | 30 |
| Slaughterhouse | 1 | 140 | / | 135 |
| Halls of the Dead | 4 | 1280 | / | 840 |
| Black Citadel | 2 | 650 | / | 460 |
| total: | 9 | 1465g | / | 465w |
| 0:02 | Acolyte |
| 0:02 | Acolyte |
| 0:07 | Crypt |
| 0:18 | Graveyard |
| 0:41 | Altar of Darkness |
| 0:57 | Ziggurat |
| 1:11 | Ghoul |
| 1:34 | Tomb of Relics |
| 1:48 | Ghoul |
| 1:49 | Ghoul |
| 2:05 | Crypt Fiend |
| 2:13 | Ziggurat |
| 2:46 | Rod of Necromancy |
| 2:54 | Death Coil |
| 3:05 | Crypt Fiend |
| 3:30 | Halls of the Dead |
| 3:30 | Halls of the Dead |
| 4:00 | Unholy Aura |
| 4:01 | Crypt Fiend |
| 4:41 | Crypt Fiend |
| 4:45 | Ziggurat |
| 5:06 | Rod of Necromancy |
| 5:49 | Death Coil |
| 5:52 | Crypt Fiend |
| 6:00 | Slaughterhouse |
| 6:16 | Burrow |
| 6:26 | Crypt Fiend |
| 6:27 | Ziggurat |
| 6:47 | Lesser Clarity Potion |
| 6:53 | Frost Nova |
| 7:51 | Obsidian Statue |
| 7:53 | Black Citadel |
| 8:34 | Obsidian Statue |
| 8:49 | Dark Ritual |
| Select group | 499 |
| Right click | 372 |
| Select | 191 |
| Build/train/purchase | 58 |
| Misc. action | 52 |
| Assign group | 24 |
| Use ability | 12 |
| Item give/drop | 1 |
| Remove unit | 1 |
⇛